 Dungeon Crawl Stone Soup version 0.19-a0 (webtiles) character file.

4936 Zhenya25pyc the Basher (level 10, -2/65 HPs)
             Began as a Gargoyle Fighter on Apr 27, 2016.
             Was a Follower of Okawaru.
             Killed by divine providence
             ... invoked by an orc priest
              (10 damage)
             ... on level 9 of the Dungeon.
             The game lasted 00:19:13 (9027 turns).

Zhenya25pyc the Basher (Gargoyle Fighter)           Turns: 9027, Time: 00:19:14

Health: -2/65      AC: 20    Str: 21    XL:     10   Next: 52%
Magic:  11/11      EV:  8    Int: 10    God:    Okawaru [*.....]
Gold:   372        SH:  9    Dex: 10    Spells: 0 memorised, 9 levels left

rFire  . . .     SeeInvis .     J - +1 mace (holy)
rCold  + . .     Gourm    .     D - +1 ring mail {rC+}
rNeg   + . .     Faith    .     c - +0 shield
rPois  ∞         Spirit   .     (helmet restricted)
rElec  +         Dismiss  .     p - +1 cloak
rCorr  .         Reflect  .     (no gloves)
SustAt .         Harm     +     A - +2 pair of boots
MR     .....     Clarity  +     y - amulet of harm
Stlth  ..........               (no ring)
                                j - ring of flight

@: not resistant to hostile enchantments, extremely unstealthy
A: horns 1, clarity, negative energy resistance 1, electricity resistance,
unbreathing, petrification resistance, rot immunity, AC +7
a: Heroism, Renounce Religion, Evoke Flight


You were on level 9 of the Dungeon.
You worshipped Okawaru.
Okawaru was aware of your devotion.
You were near starving.

You visited 2 branches of the dungeon, and saw 10 of its levels.

You collected 537 gold pieces.
You spent 165 gold pieces at shops.

Inventory:

Hand Weapons
 r - a +1 mace of protection
 J - a +1 mace of holy wrath (weapon)
Armour
 c - a +0 shield (worn)
 p - a +1 cloak (worn)
 v - a +0 plate armour
 A - a +2 pair of boots (worn)
 D - a +1 ring mail of cold resistance (worn)
Jewellery
 j - a ring of flight (left hand)
 y - an amulet of harm (around neck)
Wands
 G - a wand of flame (18/48)
Scrolls
 b - 5 scrolls of remove curse
 n - 4 scrolls of fog {unknown}
 q - 2 scrolls of recharging {unknown}
 t - 8 scrolls of teleportation
 E - a scroll of immolation {unknown}
 F - a scroll of vulnerability {unknown}
 H - a scroll of blinking {unknown}
 L - 2 scrolls of magic mapping
Potions
 a - a potion of mutation {unknown}
 d - a potion of might
 e - 3 potions of heal wounds
 h - 3 potions of lignification
 i - 4 potions of curing
 k - 3 potions of agility
 m - a potion of magic
 o - 2 potions of degeneration
 x - a potion of flight
 z - a potion of invisibility
 I - a potion of cancellation
Comestibles
 f - 8 bread rations
 g - a beef jerky
 l - 3 fruits
 C - a meat ration


   Skills:
 + Level 8.8 Fighting
 * Level 10.8 Maces & Flails
 + Level 8.9 Armour
 + Level 3.7 Shields
 + Level 1.5 Invocations


You had 9 spell levels left.
You didn't know any spells.

Dungeon Overview and Level Annotations

Branches:
Dungeon (9/15)             Temple (1/1) D:5            Lair (0/8) D:8
    Orc: D:9-12

Altars:
Ashenzari
Cheibriados
Dithmenos
Elyvilon
Fedhas
Gozag
Kikubaaqudgha
Nemelex Xobeh
Okawaru
Pakellas
Qazlal
Ru
Sif Muna
Trog
Xom
Yredelemnul
Zin
The Shining One

Shops:
D:4 (   D:5 ?   D:6 =

Annotations:
D:4 exclusion: oklob plant


Innate Abilities, Weirdness & Mutations

You are resistant to torment.
Your stone body is resilient (AC +7).
You are immune to poison.
You resist negative energy.
You are resistant to electric shocks.
You can survive without breathing.
You are immune to petrification.
You are immune to rotting.
You have a pair of small horns on your head.
You possess an exceptional clarity of mind.


Message History

The hungry ghost is heavily damaged.
The hungry ghost closely misses you.
You miss the hungry ghost.
The hungry ghost is heavily damaged.
The hungry ghost hits you.
You are feeling very hungry.
You closely miss the hungry ghost.
The hungry ghost is heavily damaged.
The orc wizard mumbles some strange words.
The orc wizard blinks!
The hungry ghost hits you.
You are near starving!
You barely miss the hungry ghost.
The hungry ghost is heavily damaged.
You block the hungry ghost's attack.
You closely miss the hungry ghost.
The hungry ghost is heavily damaged.
You block the hungry ghost's attack.
The orc priest invokes the aid of Beogh against you.
Beogh smites you!
You die...

#.. ###.. . ###....
...############...#..
.................[...
..###..########..... .
# ###.......##..####
...#.####†........##.##
##
......YoW@##......####
#. ......oZ####......#
#. .......## #.....##
###. ....... ......+
#... ....o.. .##..##
###. ....... ... ####.
....... ##.... .......
#..#.# .....## # ##...#


You could see a hungry ghost, an ice beast, an orc priest, 2 orc wizards and an
adder zombie.

Vanquished Creatures
  2 trolls (D:9)
  Grinder (D:5)
  Eustachio (D:4)
  A hippogriff (D:8)
  Menkaure (D:5)
  2 orc warriors
  A black bear (D:8)
  4 sky beasts
  2 ice beasts (D:6)
  4 ogres
  2 centaurs (D:8)
  Blork the orc (D:5)
  2 giant frogs
  A scorpion (D:6)
  5 killer bees
  11 wights
  5 howler monkeys
  3 crimson imps
  A giant frog zombie (D:6)
  2 hounds
  10 orc priests
  2 jellies
  7 orc wizards
  A centaur skeleton (D:4)
  2 giant frog skeletons
  3 iguanas
  8 worker ants
  Robin (D:2)
  A worker ant zombie (D:5)
  13 adders
  8 gnolls
  A howler monkey skeleton (D:5)
  2 shadow imps
  An ooze (D:6)
  An adder zombie (D:5)
  2 adder skeletons
  4 worms
  3 giant geckos
  29 orcs
  7 giant cockroaches
  9 goblins
  12 hobgoblins
  12 jackals
  12 kobolds
  6 quokkas
  8 bats
  4 giant newts
  A quokka zombie (D:7)
  12 rats
234 creatures vanquished.

Notes
Turn   | Place    | Note
--------------------------------------------------------------
     0 | D:1      | Zhenya25pyc the Gargoyle Fighter began the quest for the Orb.
     0 | D:1      | Reached XP level 1. HP: 14/14 MP: 1/1
   108 | D:1      | Reached XP level 2. HP: 15/19 MP: 2/2
   720 | D:2      | Reached XP level 3. HP: 19/23 MP: 3/3
   725 | D:2      | Reached skill level 3 in Maces & Flails
   941 | D:2      | Reached XP level 4. HP: 29/29 MP: 4/4
  1064 | D:2      | Noticed Robin
  1075 | D:2      | Killed Robin
  1447 | D:2      | Reached XP level 5. HP: 15/33 MP: 5/5
  1450 | D:2      | Reached skill level 4 in Maces & Flails
  2143 | D:3      | Noticed a sky beast
  2146 | D:3      | Paralysed by a goblin for 3 turns
  2170 | D:3      | Killed a sky beast
  2170 | D:3      | Reached XP level 6. HP: 30/39 MP: 6/6
  2357 | D:3      | Reached skill level 5 in Maces & Flails
  2908 | D:4      | Found Cimosuin's Weapon Emporium.
  3001 | D:4      | Noticed Eustachio
  3163 | D:4      | Killed Eustachio
  3163 | D:4      | Reached skill level 5 in Fighting
  3163 | D:4      | Reached skill level 5 in Armour
  3163 | D:4      | Reached XP level 7. HP: 20/44 MP: 7/7
  3444 | D:4      | Reached skill level 6 in Maces & Flails
  3805 | D:4      | Found a blossoming altar of Fedhas.
  3818 | D:4      | Noticed an oklob plant
  4062 | D:5      | Entered Level 5 of the Dungeon
  4062 | D:5      | Found a staircase to the Ecumenical Temple.
  4071 | Temple   | Entered the Ecumenical Temple
  4399 | D:5      | Noticed Menkaure
  4414 | D:5      | Killed Menkaure
  4414 | D:5      | Reached XP level 8. HP: 20/51 MP: 8/8
  4694 | D:5      | Reached skill level 7 in Maces & Flails
  4733 | D:5      | Noticed Grinder
  4737 | D:5      | Paralysed by Grinder for 6 turns
  4754 | D:5      | Killed Grinder
  4999 | D:5      | Noticed Blork the orc
  5009 | D:5      | Killed Blork the orc
  5313 | D:5      | Found Vasi's Magic Scroll Shoppe.
  5317 | D:5      | Bought a scroll of teleportation for 33 gold pieces
  5317 | D:5      | Bought a scroll of identify for 22 gold pieces
  5317 | D:5      | Bought a scroll of teleportation for 33 gold pieces
  5317 | D:5      | Bought a scroll of identify for 22 gold pieces
  5317 | D:5      | Bought a scroll of identify for 22 gold pieces
  5317 | D:5      | Bought a scroll of teleportation for 33 gold pieces
  5522 | D:6      | Reached skill level 8 in Maces & Flails
  5569 | D:6      | Reached XP level 9. HP: 49/56 MP: 9/9
  5593 | D:6      | Found a deep blue altar of Sif Muna.
  5955 | D:6      | Found Faoneur's Jewellery Boutique.
  6152 | D:6      | Reached skill level 9 in Maces & Flails
  6363 | D:6      | Found a shadowy altar of Dithmenos.
  6604 | D:6      | Found a bloodstained altar of Trog.
  6808 | D:7      | Found a shattered altar of Ashenzari.
  6824 | D:7      | Found a stormy altar of Qazlal.
  7412 | D:7      | Found a basalt altar of Yredelemnul.
  7601 | D:7      | Found an opulent altar of Gozag.
  7602 | D:7      | Found a glowing silver altar of Zin.
  7706 | D:7      | Gained mutation: You have a pair of small horns on your head. [mutagenic meat]
  7707 | D:7      | Gained mutation: You possess an exceptional clarity of mind. [mutagenic meat]
  7800 | D:8      | Found an iron altar of Okawaru.
  7808 | D:8      | Reached skill level 10 in Maces & Flails
  7808 | D:8      | Reached XP level 10. HP: 50/64 MP: 10/10
  7819 | D:8      | Became a worshipper of Warmaster Okawaru
  8307 | D:8      | Found a staircase to the Lair.
  8503 | D:8      | Reached * piety under Okawaru
  8684 | D:9      | Reached skill level 1 in Invocations
  9027 | D:9      | Killed from afar by an orc priest

Vault maps used:
D:1:      evilmike_arrival_fibonacci_small
D:2:      uniq_robin
D:4:      serial_shops, kennysheep_little_box, first_bread, tgw_fedhas,
          uniq_eustachio
D:5:      minmay_temple_entry_mist, serial_shops, nicolae_shop_trees,
          minmay_misc_feat_tower, uniq_menkaure, uniq_grinder,
          uniq_blork_the_orc
D:6:      kennysheep_mini, lemuel_doored_altar, led_sif_book, serial_shops,
          nicolae_shop_crystal
D:7:      ashenzari_conservatory_becter, nicolae_overflow_crystal_walls,
          kennysheep_mini_moat, grunt_temple_overflow_gold_and_silver
D:8:      okawaru_ov_weapons_minmay, lair_0_dummy
D:9:      grunt_temple_overflow_lords_of_destruction, lemuel_crystal_altar
Temple:   minmay_temple_curvy_8

Skill      XL: |  1  2  3  4  5  6  7  8  9 10 |
---------------+-------------------------------+-----
Maces & Flails | 3 4 5 6 8 10 | 10.8
Fighting       | 4 5 6 8 |  8.8
Armour         | 4 5 6 8 |  8.9
Invocations    | 1 |  1.5
Shields        | |  3.7

Action                   |  1- 3 |  4- 6 |  7- 9 | 10-12 || total
-------------------------+-------+-------+-------+-------++-------
Melee: Flail             |   100 |   168 |       |       ||   268
       Mace              |       |   290 |   523 |   146 ||   959
       Headbutt          |       |       |     6 |    28 ||    34
 Abil: Stop Flying       |       |       |     3 |       ||     3
       Evoke Flight      |       |       |     3 |       ||     3
  Use: Scroll            |       |       |       |    13 ||    13
  Eat: Chunk             |       |     7 |    10 |     3 ||    20
       Meat ration       |       |       |     2 |       ||     2
Armor: Scale mail        |    52 |    61 |       |       ||   113
       Chain mail        |       |   107 |       |       ||   107
       Swamp dragon armo |       |   185 |   186 |       ||   371
       Ring mail         |       |       |    94 |    99 ||   193
Dodge: Dodged            |    35 |   173 |   160 |    59 ||   427
Block: Shield            |    47 |   273 |   210 |    98 ||   628
